 Dungeon Crawl Stone Soup version 0.29-a0-555-g3b24f45cc1 (webtiles) character file.

Game seed: 4469217517021263865

42 Hubjo the Insei (level 3, -3/27 HPs)
             Began as a Demonspawn Transmuter on June 7, 2022.
             Was a Believer of Ru.
             Slain by Terence
             ... wielding a +0 flail
              (6 damage)
             ... on level 2 of the Dungeon.
             The game lasted 00:02:36 (2648 turns).

Hubjo the Insei (Demonspawn Transmuter)             Turns: 2648, Time: 00:02:37

Health: -3/27      AC:  2    Str: 10    XL:     3   Next: 35%
Magic:  5/6        EV: 12    Int: 14    God:    Ru [**....]
Gold:   148        SH:  4    Dex: 15    Spells: 5/6 levels left

rFire   x . .      SeeInvis .     - Unarmed
rCold   x . .      Faith    .   (no shield)
rNeg    . . .      Spirit   .   a - +0 robe
rPois   .          Reflect  .   (helmet currently unavailable)
rElec   .          Harm     .   (no cloak)
rCorr   .          Rampage  .   (no gloves)
Will    .....                   (boots currently unavailable)
Stlth   ++........              e - amulet of magic regeneration
HPRegen 0.09/turn               (no ring)
MPRegen 0.50/turn               (no ring)

@: appendages, hasted, very quick
A: horns 2, talons 2, temperature sensitive, condensation shield
a: End Transformation, Renounce Religion


You were on level 2 of the Dungeon.
You worshipped Ru.
Ru was pleased with you.
You had temporarily grown beastly horns and talons.
You visited 1 branch of the dungeon, and saw 2 of its levels.

You collected 148 gold pieces.

Inventory:

Armour
 a - a +0 robe (worn)
Jewellery
 e - an amulet of magic regeneration (around neck)
Scrolls
 f - a scroll of immolation {unknown}
 j - a scroll of fog {unknown}
 l - a scroll of brand weapon {unknown}
 n - a scroll of poison {unknown}
Potions
 b - 2 potions of lignification
 c - 2 potions of haste
 d - a potion of brilliance {unknown}
 g - a potion of heal wounds {unknown}
 h - a potion of might {unknown}
 i - a potion of resistance {unknown}
 k - 2 potions of curing {unknown}
 m - a potion of degeneration {unknown}


   Skills:
 * Level 2.1 Fighting
 - Level 1.7 Dodging
 + Level 0.8 Stealth
 + Level 2.9 Unarmed Combat
 + Level 2.3 Spellcasting
 + Level 2.1 Transmutations


You had 5 spell levels left.
You knew the following spells:

 Your Spells              Type           Power      Damage    Failure   Level
a - Beastly Appendage     Tmut           14%        N/A       10%         1

Your spell library contained the following spells:

 Spells                   Type           Power      Damage    Failure   Level
 Wereblood                Tmut           7%         N/A       14%         2
 Spider Form              Tmut/Pois      4%         N/A       41%         3
 Ice Form                 Ice/Tmut       4%         N/A       82%         4


Dungeon Overview and Level Annotations

Branches:
Dungeon (2/15)

Altars:
Ru

Annotations:
D:2 Terence


Innate Abilities, Weirdness & Mutations

You have temporarily grown beastly horns and talons.
You are sensitive to extremes of temperature. (rF-, rC-)
A meltable shield of frost defends you. (SH +4)


Message History

You hit Terence.
Terence is lightly wounded.
You closely miss Terence. You claw Terence, but do no damage.
Terence is lightly wounded.
Your transformation is almost over.
You block Terence's attack.
You barely miss Terence. You claw Terence.
Terence is moderately wounded.
Terence hits you with a +0 flail!
Your magical contamination has completely faded away.
You barely miss Terence. You claw Terence, but do no damage.
Terence is moderately wounded.
Terence hits you with a +0 flail.
You hit Terence but do no damage. You claw Terence, but do no damage.
Terence is moderately wounded.
Terence hits you with a +0 flail.
You focus your inner power and illuminate Terence in retribution!
You hit Terence. You claw Terence. Your punch misses Terence.
Terence is heavily wounded.
Terence stops glowing.
You block Terence's attack.
You completely miss Terence. Your headbutt misses Terence.
Terence is heavily wounded.
Terence barely misses you.
You hit Terence but do no damage. You punch Terence, but do no damage.
Terence is heavily wounded.
Terence barely misses you.
You hit Terence. You claw Terence.
Terence is severely wounded.
Terence hits you with a +0 flail!
* * * LOW HITPOINT WARNING * * *
It was a potion of haste.
You feel yourself speed up.
Your horns disappear.
Your talons disappear.
You block Terence's attack.
Casting: Beastly Appendage (safe; 10% risk of failure)
Confirm with . or Enter, or press ? or * to list all spells.
You grow a pair of large bovine horns.
Your feet morph into talons.
You hit Terence but do no damage. You claw Terence.
Terence is almost dead.
Terence hits you with a +0 flail.
You die...

#.....#.....##....##.# #.##.#.#
#.....#.###.#.##.###.#####.##.#.#
#.......# #..###.##........##.#.#
#.....#.###.####.......######.#.#
#.....#...............#######.#.#
##..#............#............#.#
#(.#.##########.##..##########.#
#..#)# #.##..# #.# #..#.# #@##..#
#.# #..#.# #@##..# #.#
#..#.#####.. .S....# #.#
#........... .......# #..
##.#.#####.####.##. ### ...#.#
#.# .# ### #.# #.# # #.. ..# ###


You could see Terence and an adder.

Vanquished Creatures
  5 ball pythons
  3 endoplasms
  5 goblins
  4 hobgoblins
  3 quokkas
  3 bats (D:1)
  3 frilled lizards
  8 kobolds
  2 rats
36 creatures vanquished.

Notes
Turn   | Place    | Note
-------+----------+-------------------------------------------
     0 | D:1      | Hubjo the Demonspawn Transmuter began the quest for the
                  | Orb.
     0 | D:1      | Reached XP level 1. HP: 15/15 MP: 3/3
   403 | D:1      | Gained mutation: A meltable shield of frost defends you.
                  | (SH +4) [demonic ancestry]
   403 | D:1      | Reached XP level 2. HP: 16/21 MP: 1/5
  1096 | D:1      | Found a faded altar of an unknown god.
  1406 | D:1      | Reached XP level 3. HP: 27/27 MP: 4/6
  1464 | D:1      | Prayed at the altar of an unknown god.
  1464 | D:1      | Became a worshipper of Ru the Awakened
  1801 | D:1      | Gained mutation: You are sensitive to extremes of
                  | temperature. (rF-, rC-) [Ru sacrifice]
  1801 | D:1      | Reached * piety under Ru
  1801 | D:1      | Reached ** piety under Ru
  2631 | D:2      | Noticed Terence
  2648 | D:2      | Slain by Terence

Illustrated notes

Levels and vault maps discovered:
D:1:      dpeg_arrival_three_same_balls, layout_basic,
          hellmonk_ecumenical_altar_prayer_group
D:2:      layout_loops_ring, minmay_unequal, uniq_terence

Skill      XL: |  1  2  3 |
---------------+----------+-----
Transmutations | 2 |  2.1
Fighting       | 2 |  2.1
Dodging        | |  1.7
Stealth        | |  0.8
Unarmed Combat | |  2.9
Spellcasting   | |  2.3

Action                   || total
-------------------------++-------
Melee: Unarmed           ||    90
       Headbutt          ||     8
       Kick              ||    26
       Punch             ||     1
 Cast: Beastly Appendage ||    30
Invok: Sacrifice Resista ||     1
  Use: Potion            ||     1
 Stab: Sleeping          ||     3
Armor: Robe              ||    10
Dodge: Dodged            ||    36
Block: Other             ||    12

Table legend: (Time is in decaauts)
 A = Elapsed time spent in this place.
 B = Non-inter-level travel time spent in this place.
 C = Inter-level travel time spent in this place.
 D = Time resting spent in this place.
 E = Time spent auto-exploring this place.
 F = Levels seen in this place.
 G = Mean time per level.
                   A        B        C        D        E       F      G
               +--------+--------+--------+--------+--------+-----+--------+
         Total |   2642 |   2540 |    102 |      0 |   2207 |   2 | 1321.0 |
       Dungeon |   2642 |   2540 |    102 |      0 |   2207 |   2 | 1321.0 |
               +--------+--------+--------+--------+--------+-----+--------+

Top non-repeatable levels by time:
     D:1: 1800 daAuts
     D:2: 842 daAuts
